 Dungeon Crawl Stone Soup version 0.29-a0-359-g541a27f54d (webtiles) character file.

Game seed: 15690293643508621822

35 HendSelp the Twirler (level 3, -3/33 HPs)
             Began as a Naga Gladiator on Apr 27, 2022.
             Slain by a gnoll
             ... wielding a +0 spear
              (6 damage)
             ... on level 2 of the Dungeon.
             The game lasted 00:01:38 (1233 turns).

HendSelp the Twirler (Naga Gladiator)               Turns: 1233, Time: 00:01:38

Health: -3/33      AC:  3    Str: 18    XL:     3   Next: 33%
Magic:  3/3        EV: 10    Int:  8    God:
Gold:   15         SH:  0    Dex: 12    Spells: 2/2 levels left

rFire   . . .      SeeInvis +   a - +0 quarterstaff
rCold   . . .      Faith    .   (shield currently unavailable)
rNeg    . . .      Spirit   .   b - +0 leather armour
rPois   +          Reflect  .   c - +0 helmet
rElec   .          Harm     .   (no cloak)
rCorr   .          Rampage  .   (no gloves)
Will    .....                   (no barding)
Stlth   +.........              g - amulet of the acrobat
HPRegen 0.11/turn               (no ring)
MPRegen 0.08/turn               (no ring)

@: very slow
A: AC +1, large, see invisible, deformed body, poison resistance, slowness 2,
spit poison 1, naga tail 1
a: Spit Poison


You were on level 2 of the Dungeon.
You visited 1 branch of the dungeon, and saw 2 of its levels.

You collected 15 gold pieces.

Inventory:

Hand Weapons
 a - a +0 quarterstaff (weapon)
Missiles
 d - 3 throwing nets (quivered)
 e - a javelin
Armour
 b - a +0 leather armour (worn)
 c - a +0 helmet (worn)
Jewellery
 g - an amulet of the acrobat (around neck)
Potions
 f - a potion of flight
 i - a potion of mutation {unknown}
 j - a potion of invisibility {unknown}
 l - a potion of lignification {unknown}


   Skills:
 + Level 2.4 Fighting
 + Level 4.0 Staves
 - Level 1.7 Throwing
 - Level 2.4 Dodging


You had 2 spell levels left.
You didn't know any spells.
Your spell library contained the following spells:

 Spells                   Type           Power      Damage    Failure   Level
 Ensorcelled Hibernation  Hex/Ice        0%         N/A       61%         2
 Passwall                 Tmut/Erth      0%         N/A       61%         2
 Swiftness                Air            0%         N/A       83%         3


Dungeon Overview and Level Annotations

Branches:
Dungeon (2/15)

Altars:

Shops:
D:1 ?


Innate Abilities, Weirdness & Mutations

Your serpentine skin is tough. (AC +1)
You have supernaturally acute eyesight. (SInv)
Armour fits poorly on your strangely shaped body.
Your system is resistant to poisons. (rPois)
You cover ground very slowly.
You can spit poison.
You have a snake-like lower body.


Message History

A giant cockroach comes into view.
The gnoll hits you from afar with a +0 spear.
A gnoll comes into view. It is wielding a +0 club.
The goblin closely misses you.
There are monsters nearby!
You hit the gnoll but do no damage. The gnoll hits you with a +0 spear.
The goblin closely misses you.
There are monsters nearby!
You closely miss the gnoll. The gnoll misses you.
The gnoll hits you with a +0 spear. The goblin closely misses you.
There are monsters nearby!
You barely miss the gnoll. The gnoll hits you with a +0 club.
The gnoll hits you but does no damage. The gnoll closely misses you.
The goblin hits you with a +0 club.
You hit the gnoll.
The gnoll is moderately wounded.
The goblin hits you with a +0 club. The gnoll misses you.
The gnoll barely misses you. The gnoll hits you with a +0 spear. x2
The gnoll barely misses you. The gnoll hits you with a +0 club.
* * * LOW HITPOINT WARNING * * *
The goblin hits you with a +0 club.
* * * LOW HITPOINT WARNING * * *
You are too injured to fight recklessly!
Unknown command.
You are too injured to fight recklessly!
You are too injured to fight recklessly!
You sock the goblin!
You kill the goblin!
The gnoll misses you. The gnoll barely misses you.
The gnoll hits you but does no damage.
Unknown command.
You thump the gnoll!
The gnoll is heavily wounded.
The giant cockroach bites you but does no damage.
The gnoll hits you with a +0 club.
* * * LOW HITPOINT WARNING * * *
The gnoll hits you with a +0 whip.
* * * LOW HITPOINT WARNING * * *
The gnoll hits you with a +0 spear.
You die...

#.# #.#
#.#
##.######
#.......
#.....
#...####.#
#.........
#.@g####.#


#gBg# #..... #......# #.......# #......#.# #......# # #....... You could see 3
gnolls and a giant cockroach.

Vanquished Creatures
  An adder (D:2)
  A dart slug (D:2)
  2 ball pythons (D:1)
  3 endoplasms (D:1)
  A giant cockroach (D:1)
  2 hobgoblins (D:1)
  2 jackals (D:1)
  2 quokkas (D:1)
  2 frilled lizards (D:1)
  2 goblins
  2 kobolds
  2 rats (D:1)
22 creatures vanquished.

Notes
Turn   | Place    | Note
-------+----------+-------------------------------------------
     0 | D:1      | HendSelp the Naga Gladiator began the quest for the Orb.
     0 | D:1      | Reached XP level 1. HP: 19/19 MP: 1/1
   362 | D:1      | Reached XP level 2. HP: 26/26 MP: 2/2
   960 | D:1      | Found Razostuo's Magic Scroll Boutique.
  1109 | D:2      | Reached XP level 3. HP: 32/33 MP: 3/3
  1116 | D:2      | Reached skill level 4 in Staves
  1233 | D:2      | Slain by a gnoll

Illustrated notes

Levels and vault maps discovered:
D:1:      heliophobic_arrival_dark_side_of_the_moon, layout_loops_cross,
          serial_shops, shop, st_stairs_14
D:2:      layout_loops_ring, hangedman_decor_growths

Skill      XL: |  1  2  3 |
---------------+----------+-----
Staves         | 4 |  4.0
Fighting       | |  2.4
Throwing       | |  1.7
Dodging        | |  2.4

Action                   || total
-------------------------++-------
Melee: Quarterstaff      ||    57
  Use: Scroll            ||     4
 Stab: Sleeping          ||     1
Armor: Leather armour    ||    12
Dodge: Dodged            ||    35

Table legend: (Time is in decaauts)
 A = Elapsed time spent in this place.
 B = Non-inter-level travel time spent in this place.
 C = Inter-level travel time spent in this place.
 D = Time resting spent in this place.
 E = Time spent auto-exploring this place.
 F = Levels seen in this place.
 G = Mean time per level.
                   A        B        C        D        E       F      G
               +--------+--------+--------+--------+--------+-----+--------+
         Total |   1512 |   1477 |     35 |      0 |   1311 |   2 |  756.0 |
       Dungeon |   1512 |   1477 |     35 |      0 |   1311 |   2 |  756.0 |
               +--------+--------+--------+--------+--------+-----+--------+

Top non-repeatable levels by time:
     D:1: 1344 daAuts
     D:2: 167 daAuts
